 Dungeon Crawl Stone Soup version 0.31-a0-691-g409c26aa35 (webtiles) character file.

Game seed: 17183460914879826292

29313 microfolk the Fighter (level 13, 0/108 HPs)
             Began as a Barachi Reaver on Sept 6, 2023.
             Was the Champion of Cheibriados.
             Slain by a wyvern (4 damage)
             ... on level 3 of the Lair of Beasts.
             The game lasted 01:05:32 (19875 turns).

microfolk the Fighter (Barachi Reaver)             Turns: 19875, Time: 01:05:33

Health: 0/108      AC: 10    Str: 31    XL:     13   Next: 44%
Magic:  10/27      EV: 12    Int: 32    God:    Cheibriados [******]
Gold:   109        SH:  7    Dex: 24    Spells: 15/32 levels left

rFire   . . .        w - +2 dagger (venom)
rCold   . . .        N - +0 buckler
rNeg    . . .        k - +0 acid dragon scales
rPois   +            (no helmet)
rElec   .            O - +1 cloak
rCorr   +            (no gloves)
SInv    .            F - +1 pair of boots
Will    +....        m - amulet of regeneration
Stlth   ++           M - ring of Xayga {rPois Str+3 Dex-4 Slay+2}
HPRegen 1.18/turn    f - ring of willpower
MPRegen 0.20/turn

%: no passive effects
@: unable to hop, invisible, very slow
A: amphibious, slowness 1, strong legs 2, +LOS
a: Hop, Renounce Religion, Bend Time, Temporal Distortion, Slouch, Step From
Time


You were on level 3 of the Lair of Beasts.
You worshipped Cheibriados.
Cheibriados was exalted by your worship.
You visited 3 branches of the dungeon, and saw 15 of its levels.
You also visited: Gauntlet.

You collected 442 gold pieces.
You spent 333 gold pieces at shops.

Inventory:

Hand Weapons
 e - a +4 falchion of holy wrath
 w - a +2 dagger of venom (weapon)
 G - a +1 whip of electrocution
Missiles
 j - 21 poisoned darts (quivered)
 y - a throwing net
Armour
 k - +0 acid dragon scales (worn)
 q - a +1 leather armour of poison resistance
 F - a +1 pair of boots (worn)
 I - +0 steam dragon scales
 N - a +0 buckler (worn)
 O - a +1 cloak (worn)
Jewellery
 f - a ring of willpower (right hand)
 m - an amulet of regeneration (around neck)
 x - a ring of protection from fire
 H - a +5 ring of evasion
 J - a ring of protection from fire
 M - the ring of Xayga (left hand) {rPois Str+3 Dex-4 Slay+2}
   (You bought it in a shop on level 1 of the Dungeon)

   [ring of poison resistance]

   Str+3:     It affects your strength (+3).
   Dex-4:     It affects your dexterity (-4).
   Slay+2:    It affects your accuracy & damage with ranged weapons and melee
   (+2).
   rPois:     It protects you from poison
Wands
 B - a wand of flame (31)
 K - a wand of iceblast (7)
Scrolls
 a - 2 scrolls of identify {@r1}
 h - a scroll of fear
 i - a scroll of revelation {unknown}
 n - 2 scrolls of immolation
 o - 3 scrolls of teleportation
 p - 3 scrolls of enchant weapon
 r - a scroll of blinking
 s - a scroll of vulnerability
 u - a scroll of torment {unknown}
 E - a scroll of amnesia {unknown}
Potions
 b - 3 potions of curing {@q1}
 c - a potion of invisibility
 d - 2 potions of might
 l - a potion of ambrosia
 t - 3 potions of mutation
 v - 4 potions of attraction
 z - 3 potions of lignification
 A - a potion of berserk rage
 C - 2 potions of brilliance
 D - a potion of magic


   Skills:
 + Level 12.1 Fighting
 - Level 4.0 Long Blades
 - Level 2.1 Dodging
 - Level 5.3 Shields
 - Level 10.0 Spellcasting
 + Level 7.0 Conjurations
 - Level 6.0 Fire Magic
 - Level 6.1 Ice Magic
 - Level 7.0 Air Magic
 * Level 11.2 Invocations


You had 15 spell levels left.
You knew the following spells:

 Your Spells              Type           Power      Damage    Failure   Level
a - Shock                 Conj/Air       100%       1d9       1%          1
b - Poisonous Vapours     Pois/Air       76%        N/A       1%          2
c - Momentum Strike       Conj/Tloc      76%        3d10      1%          2
d - Hailstorm             Conj/Ice       55%        3d12      1%          3
e - Airstrike             Air            28%        2d(5-21)  2%          4
f - Flame Wave            Conj/Fire      55%        2d13      2%          4
g - Kiss of Death         Conj/Necr      100%       2d13      1%          1

Your spell library contained the following spells:

 Spells                   Type           Power      Damage    Failure   Level
 Swiftness                Air            57%        N/A       1%          3
 Cigotuvi's Dreadful Rot  Necr/Pois/Air  62%        N/A       2%          2
 Dazzling Flash           Conj/Hex       76%        N/A       3%          3
 Summon Small Mammal      Summ           64%        N/A       4%          1
 Call Canine Familiar     Summ           16%        N/A       12%         3
 Gell's Gravitas          Tloc           16%        N/A       12%         3
 Summon Guardian Golem    Hex/Summ       16%        N/A       12%         3
 Teleport Other           Tloc           16%        N/A       12%         3
 Dispel Undead            Necr           16%        3d10      38%         4
 Death Channel            Necr           8%         N/A       99%         6
 Dispersal                Tloc           8%         N/A       99%         6


Dungeon Overview and Level Annotations

Branches:
Dungeon (10/15)            Temple (1/1) D:5            Lair (4/5) D:8
    Orc (0/2) D:9         Gauntlet (visited)
  Swamp: Lair:2-3    Shoals: Lair:2-3     Snake: Lair:2-3    Spider: Lair:2-3
  Slime: Lair:4-5

Altars:
Ashenzari
Cheibriados
Dithmenos
Elyvilon
Fedhas
Gozag
Hepliaklqana
Makhleb
Nemelex Xobeh
Okawaru
Qazlal
Ru
Sif Muna
Trog
Uskayaw
Vehumet
Wu Jian
Xom
Yredelemnul
Zin
The Shining One

Shops:
D:1 =

Annotations:
D:5 1 runed translucent door, Crazy Yiuf
D:7 exclusion: downstairs
Temple 2 transporters
Lair:1 2 transporters, exclusions: downstairs, ice statue and oklob plant, Jetaedd's ghost, journeyman DjFE


Innate Abilities, Weirdness & Mutations

You are amphibious.
You cover ground slowly.
You can hop long distances.
You have an extended range of vision and can be seen from far away.


Message History

The komodo dragon attacks as it pursues you!
The komodo dragon barely misses you. You block the wyvern's attack.
You block the komodo dragon's attack. The wyvern attacks as it pursues you!
The wyvern bites you!
* * * LOW HITPOINT WARNING * * *
You block the wyvern's attack. The wyvern bites you!
* * * LOW HITPOINT WARNING * * *
The wyvern bites you but does no damage.
Okay, then.
Press: ? - help, v - describe, . - travel
Here: a wyvern The floor.
You fade into invisibility!
The wyvern barely misses you. The wyvern closely misses you.
Casting: Flame Wave (mildly dangerous; 2% risk of failure)
Confirm with . or Enter, or press ? or * to list all spells.
Casting: Flame Wave (mildly dangerous; 2% risk of failure)
Press: ? - help, Dir - look around, f - activate A wave of flame ripples out!
The flame wave engulfs the wyvern but does no damage. (Press . to intensify the flame waves.)
You block the wyvern's attack.
A wave of flame ripples out!
The flame wave engulfs the wyvern!
The wyvern is moderately wounded.
The wyvern bites you!
* * * LOW HITPOINT WARNING * * *
The wyvern bites you!
* * * LOW HITPOINT WARNING * * *
You hit the wyvern.
The wyvern is heavily wounded.
The wyvern bites you!
* * * LOW HITPOINT WARNING * * *
You strike the helpless wyvern from behind!
You puncture the wyvern!
The wyvern is poisoned.
The wyvern is severely wounded.
The wyvern barely misses you.
You hit the wyvern but do no damage.
The wyvern looks even sicker.
The wyvern is almost dead.
The wyvern bites you.
You die...

## #####
#..#######.#@#
..........ll##
............#
#..........#
###.......#
#........#
#........#
##........#
.........##


You could see a komodo dragon (unable to see you) and a wyvern (unable to see
you, very poisoned).

Vanquished Creatures
  3 hydras
  A two-headed ogre (D:9)
  Erica (Lair:2)
  A death yak (Lair:1)
  5 cane toads
  A torpor snail (D:8)
  Maggie (Lair:2)
  A kobold demonologist (D:9)
  A rime drake (Lair:2)
  A komodo dragon (Lair:2)
  5 polar bears
  A hornet (D:5)
  11 blink frogs
  A wyvern (Lair:2)
  24 yaks
  A basilisk (Lair:2)
  2 steam dragons
  Eustachio (D:5)
  2 swamp worms (Lair:2)
  2 acid dragons (D:9)
  3 water moccasins
  An ice beast (D:6)
  9 orc warriors
  3 sky beasts (D:7)
  6 black bears
  13 wolves
  2 ogres
  A centaur (D:8)
  2 phantoms
  A kobold brigand (D:9)
  3 scorpions
  8 bullfrogs
  17 wights
  11 killer bees
  5 electric eels
  3 howler monkeys (D:9)
  3 hounds
  A jelly (D:5)
  12 orc priests
  2 sleepcaps
  3 iguanas
  Terence (D:3)
  7 orc wizards
  7 hell rats
  10 gnolls
  9 adders
  2 shadow imps
  A white imp (D:5)
  A worm (D:3)
  2 dart slugs (D:5)
  62 orcs
  5 bats
  4 endoplasms
  5 giant cockroaches
  17 goblins
  18 hobgoblins
  3 jackals (D:1)
  24 kobolds
  4 quokkas
  5 ball pythons
  2 frilled lizards
  3 rats
367 creatures vanquished.

Notes
Turn   | Place    | Note
-------+----------+-------------------------------------------
     0 | D:1      | microfolk the Barachi Reaver began the quest for the Orb.
     0 | D:1      | Reached XP level 1. HP: 17/17 MP: 3/3
    40 | D:1      | Found a faded altar of an unknown god.
   312 | D:1      | Reached XP level 2. HP: 19/23 MP: 5/5
   517 | D:1      | Learned a level 1 spell: Shock
   520 | D:1      | Learned a level 2 spell: Momentum Strike
   532 | D:1      | Found Xifouti's Jewellery Shop.
   844 | D:1      | Reached XP level 3. HP: 22/28 MP: 3/6
  1491 | D:2      | Reached skill level 3 in Fighting
  1998 | D:2      | Reached XP level 4. HP: 29/33 MP: 4/8
  2429 | D:2      | Reached XP level 5. HP: 41/41 MP: 6/9
  2720 | D:3      | Noticed Terence
  2810 | D:3      | Killed Terence
  2811 | D:3      | Reached skill level 5 in Conjurations
  2981 | D:3      | Found a shimmering blue altar of Sif Muna.
  3912 | D:3      | Reached skill level 4 in Fighting
  3912 | D:3      | Reached XP level 6. HP: 10/29 MP: 0/11
  4424 | D:4      | Found a broken altar of Ashenzari.
  4427 | D:4      | Found a bloodstained altar of Trog.
  5846 | D:5      | Entered Level 5 of the Dungeon
  5846 | D:5      | Found a staircase to the Ecumenical Temple.
  5856 | Temple   | Found a transporter.
  5856 | Temple   | Found a transporter.
  5856 | Temple   | Found a transporter.
  5856 | Temple   | Found a transporter.
  5856 | Temple   | Entered the Ecumenical Temple
  5868 | Temple   | Became a worshipper of Cheibriados the Contemplative
  5970 | D:5      | Reached skill level 1 in Air Magic
  6136 | D:3      | Reached XP level 7. HP: 39/51 MP: 2/12
  6234 | D:5      | Learned a level 3 spell: Hailstorm
  6436 | D:5      | Reached skill level 1 in Ice Magic
  6436 | D:5      | Reached skill level 1 in Invocations
  6453 | D:5      | Reached skill level 5 in Fighting
  7020 | D:5      | Noticed a hornet
  7029 | D:5      | Killed a hornet
  7029 | D:5      | Reached * piety under Cheibriados
  7030 | D:5      | Reached XP level 8. HP: 49/63 MP: 0/14
  7183 | D:5      | Noticed Eustachio
  7195 | D:5      | Killed Eustachio
  7589 | D:5      | Found a runed translucent door.
  7590 | D:5      | Noticed Crazy Yiuf
  7906 | D:5      | Reached skill level 6 in Fighting
  7906 | D:5      | Reached skill level 5 in Spellcasting
  7906 | D:5      | Reached skill level 5 in Ice Magic
  8207 | D:6      | Reached XP level 9. HP: 71/71 MP: 5/17
  8210 | D:6      | Reached ** piety under Cheibriados
  8299 | D:5      | Learned a level 4 spell: Airstrike
  8367 | D:6      | Got Sif Muna's Vellum of Foul Conjuration
  9291 | D:7      | Reached skill level 7 in Fighting
  9607 | D:7      | Found a glowing silver altar of Zin.
  9649 | D:7      | Reached *** piety under Cheibriados
  9650 | D:7      | Reached skill level 5 in Air Magic
 10738 | D:7      | Reached XP level 10. HP: 58/79 MP: 15/19
 10907 | D:8      | Reached skill level 8 in Fighting
 11030 | D:8      | Found a staircase to the Lair.
 11230 | D:8      | Learned a level 4 spell: Flame Wave
 11346 | D:8      | Reached skill level 5 in Invocations
 11356 | D:8      | Reached skill level 1 in Fire Magic
 11537 | D:8      | Reached **** piety under Cheibriados
 13067 | D:9      | Reached skill level 9 in Fighting
 13364 | D:9      | Reached skill level 5 in Fire Magic
 13425 | D:9      | Reached XP level 11. HP: 83/89 MP: 9/22
 13879 | D:9      | Reached ***** piety under Cheibriados
 14045 | D:9      | Noticed a two-headed ogre
 14058 | D:9      | Killed a two-headed ogre
 14364 | D:9      | Found a staircase to the Orcish Mines.
 14634 | D:10     | Entered Level 10 of the Dungeon
 14715 | Lair:1   | Entered Level 1 of the Lair of Beasts
 15048 | D:8      | Reached skill level 10 in Fighting
 15562 | D:1      | Bought the ring of Xayga {rPois Str+3 Dex-4 Slay+2} for 333
                  | gold pieces
 15890 | Lair:1   | Reached skill level 5 in Shields
 15890 | Lair:1   | Reached XP level 12. HP: 89/89 MP: 24/24
 15899 | Lair:1   | Learned a level 2 spell: Poisonous Vapours
 16004 | Lair:1   | Found a transporter.
 16011 | Lair:1   | Noticed Jetaedd's ghost (journeyman DjFE)
 16291 | Lair:1   | Found a transporter.
 17290 | Lair:2   | Noticed a death yak
 17290 | Lair:2   | Noticed Erica
 17352 | Lair:2   | Noticed an eight-headed hydra
 17448 | Lair:2   | Reached skill level 10 in Invocations
 17719 | Lair:2   | Killed an eight-headed hydra
 17720 | Lair:2   | Reached skill level 11 in Fighting
 18203 | Lair:1   | Gained mutation: You can hop long distances. [Barachi
                  | growth]
 18203 | Lair:1   | Reached XP level 13. HP: 98/106 MP: 15/26
 18349 | Lair:2   | Noticed Maggie
 18359 | Lair:2   | Killed Maggie
 18694 | Lair:2   | Reached ****** piety under Cheibriados
 18883 | Lair:2   | Killed Erica
 19289 | Lair:2   | Reached skill level 10 in Spellcasting
 19326 | Lair:2   | Reached skill level 12 in Fighting
 19661 | Lair:2   | You fall into a shaft and drop 2 floors!
 19667 | Lair:4   | Found a gate leading to a gauntlet.
 19675 | Gauntlet | Entered a Gauntlet
 19675 | Gauntlet | Found a transporter.
 19675 | Gauntlet | Found a transporter.
 19678 | Gauntlet | Found a transporter.
 19678 | Gauntlet | Found a transporter.
 19688 | Gauntlet | Found a transporter.
 19693 | Gauntlet | Found a transporter.
 19704 | Gauntlet | Found a transporter.
 19714 | Gauntlet | Found a transporter.
 19714 | Gauntlet | Found a transporter.
 19714 | Gauntlet | Found a transporter.
 19717 | Gauntlet | Found a transporter.
 19873 | Lair:3   | HP: 2/108 [wyvern (10)]
 19875 | Lair:3   | Slain by a wyvern

Illustrated notes

Levels and vault maps discovered:
D:1:      lightli_arrival_farm, layout_loops_ring,
          hellmonk_ecumenical_altar_run_dry, serial_shops,
          nicolae_lakefront_shop, nicolae_hexahallways, minmay_tetromino_t4
D:2:      layout_basic
D:3:      layout_basic, mainiacjoe_overflow_six_doors_small, uniq_terence
D:4:      corexii_shantytown, layout_basic, minitemple,
          nicolae_twisty_statue_hallways
D:5:      layout_basic, minmay_temple_entry_overgrown, uniq_eustachio,
          uniq_crazy_yiuf_cottage
D:6:      layout_loops_cross
D:7:      layout_loops_cross, lemuel_round_altar, sigmund_army
D:8:      layout_loops_corners, lair_entry_dummy
D:9:      layout_cave_pods, erik_orc_2
D:10:     layout_long_grid, kiku_gazebo_garden_becter, gammafunk_ghost_ooze
Temple:   hellmonk_temple_divided_pantheon
Lair:1:   beast_lair_carwin_large_2, layout_loops_ring, nzn_ghost_randoct,
          nicolae_quartered_pool_super
Lair:2:   layout_hall_layers, palyth_hydra_swamp_entry,
          chequers_serial_rivers_small_b, uniq_maggie, uniq_erica
Lair:3:   layout_chaotic_city, hellmonk_spider_entry_life_and_decay,
          grunt_megastairs_3
Lair:4:   layout_misc_corridors, gauntlet_entry_generic,
          portal_ice_cave_entry_ice_simulacra

Skill      XL: |  1  2  3  4  5  6  7  8  9 10 11 12 13 |
---------------+----------------------------------------+-----
Long Blades    | 4 |  4.0
Fighting       | 3 4 5 6 7 9 10 11 12 | 12.1
Conjurations   | 4 5 6 7 |  7.0
Spellcasting   | 3 4 5 6 7 8 9 10 | 10.0
Air Magic      | 1 2 3 6 7 |  7.0
Ice Magic      | 3 5 6 |  6.1
Invocations    | 2 3 4 5 9 10 11 | 11.2
Fire Magic     | 5 6 |  6.0
Shields        | 5 |  5.3
Dodging        | |  2.1

Action                     |  1- 3 |  4- 6 |  7- 9 | 10-12 | 13-15 || total
---------------------------+-------+-------+-------+-------+-------++-------
  Melee: Falchion          |    57 |     8 |       |       |       ||    65
         Dagger            |       |     6 |    45 |    18 |    42 ||   111
   Cast: Shock             |    33 |   242 |   225 |   302 |    41 ||   843
         Kiss of Death     |     1 |     4 |     3 |     3 |       ||    11
         Hailstorm         |       |       |    35 |    46 |     3 ||    84
         Momentum Strike   |       |       |     8 |     5 |       ||    13
         Airstrike         |       |       |       |    29 |    28 ||    57
         Flame Wave        |       |       |       |    30 |    14 ||    44
         Poisonous Vapours |       |       |       |    49 |    37 ||    86
Ability: Hop               |     1 |     1 |     7 |    22 |     8 ||    39
  Evoke: Wand              |       |       |       |     9 |     3 ||    12
    Use: Scroll            |       |     8 |    10 |     2 |     4 ||    24
         Potion            |       |       |       |     1 |     3 ||     4
   Stab: Invisible         |       |       |       |       |     1 ||     1
 Armour: Leather armour    |    41 |    57 |   100 |   111 |       ||   309
         Steam dragon scal |       |       |       |    46 |     6 ||    52
         Acid dragon scale |       |       |       |       |    80 ||    80
  Dodge: Dodged            |    37 |    60 |    72 |   173 |    42 ||   384
  Block: Buckler           |       |       |       |    21 |    42 ||    63

Table legend: (Time is in decaauts)
 A = Elapsed time spent in this place.
 B = Non-inter-level travel time spent in this place.
 C = Inter-level travel time spent in this place.
 D = Time resting spent in this place.
 E = Time spent auto-exploring this place.
 F = Levels seen in this place.
 G = Mean time per level.
                   A        B        C        D        E       F      G
               +--------+--------+--------+--------+--------+-----+--------+
         Total |  26674 |  22847 |   3827 |   5977 |  12402 |  16 | 1667.1 |
       Dungeon |  20589 |  17672 |   2917 |   4069 |  10699 |  10 | 2058.9 |
        Temple |     34 |     17 |     17 |      0 |      0 |   1 |   34.0 |
          Lair |   5812 |   4921 |    891 |   1908 |   1703 |   4 | 1453.0 |
      Gauntlet |    237 |    237 |      0 |      0 |      0 |   1 |  237.0 |
               +--------+--------+--------+--------+--------+-----+--------+

Top non-repeatable levels by time:
  Lair:1: 3582 daAuts
     D:9: 3329 daAuts
     D:8: 3253 daAuts
     D:5: 2868 daAuts
     D:7: 2100 daAuts
  Lair:2: 2082 daAuts
     D:4: 2043 daAuts
     D:2: 1909 daAuts
     D:1: 1720 daAuts
     D:3: 1645 daAuts
     D:6: 1624 daAuts
Gauntlet: 237 daAuts
  Lair:4: 108 daAuts
    D:10: 93 daAuts
  Lair:3: 39 daAuts
